 Dungeon Crawl Stone Soup version 0.28-a0-1199-gef9e1dbd39 (console) character file.

Game seed: 15853724521487022974

568 jejorda2 the Spear-Bearer (level 7, -1/56 HPs)
             Began as a Merfolk Berserker on Dec 19, 2021.
             Was a Priest of Trog.
             Slain by a killer bee zombie (4 damage)
             ... on level 4 of the Dungeon.
             The game lasted 00:08:04 (3044 turns).

jejorda2 the Spear-Bearer (Merfolk Berserker)       Turns: 3044, Time: 00:08:04

Health: -1/56      AC:  9    Str: 19      XL:     7   Next: 33%
Magic:  7/7        EV:  8    Int:  6 (7)  God:    Trog [***...]
Gold:   135        SH:  0    Dex: 13      Spells: 6/6 levels left

rFire   . . .      SeeInvis .   a - +0 spear
rCold   . . .      Faith    +   (no shield)
rNeg    . . .      Spirit   .   e - +0 chain mail
rPois   .          Reflect  .   (no helmet)
rElec   .          Harm     .   (no cloak)
rCorr   .          Rampage  .   (no gloves)
Will    .....                   (no boots)
Stlth   ..........              j - amulet of faith
HPRegen 0.18/turn               (no ring)
MPRegen 0.10/turn               (no ring)

@: weak-willed, on berserk cooldown, slowed, very slow
A: (nimble swimmer 2), mertail
a: Renounce Religion, Berserk, Trog's Hand


You were on level 4 of the Dungeon.
You worshipped Trog.
Trog was most pleased with you.
You visited 1 branch of the dungeon, and saw 4 of its levels.

You collected 135 gold pieces.

Inventory:

Hand Weapons
 a - a +0 spear (weapon)
 k - a +2 whip of electrocution
Missiles
 d - 171 stones (quivered)
Armour
 e - a +0 chain mail (worn)
Jewellery
 j - an amulet of faith (around neck)
Scrolls
 f - 2 scrolls of identify
 g - a scroll of vulnerability
Potions
 h - a potion of mutation


   Skills:
 + Level 5.2 Fighting
 * Level 8.9 Polearms
 + Level 3.1 Armour
 - Level 2.6 Dodging


You had 6 spell levels left.
You didn't know any spells.
Your spell library was empty.

Dungeon Overview and Level Annotations

Branches:
Dungeon (4/15)
 Temple: D:4-7

Altars:


Innate Abilities, Weirdness & Mutations

((You are quick and stealthy near water. (Stealth+, EV+, Speed+++)))
Your lower body shifts to a powerful aquatic tail in water.


Message History

You feel the effects of Trog's Hand fading.
The killer bee zombie closely misses you.
The gnoll hits you from afar with a +0 spear.
* * * LOW HITPOINT WARNING * * *
The killer bee zombie barely misses you.
As you read the scroll labelled LUNEIDGHACOTT, it crumbles to dust.
You assume a fearsome visage.
The killer bee zombie is unaffected.
The hobgoblin looks frightened!
The gnoll looks frightened!
It was a scroll of fear.
The killer bee zombie hits you.
* * * LOW HITPOINT WARNING * * *
The killer bee zombie barely misses you.
As you read the scroll labelled MYUVVIZUORPH, it crumbles to dust.
It is a scroll of identify.
h - a potion of mutation The killer bee zombie hits you but does no damage.
The killer bee zombie hits you.
* * * LOW HITPOINT WARNING * * *
The killer bee zombie hits you but does no damage.
As you read the scroll labelled DENOORONYJA, it crumbles to dust.
Your attack snaps the gnoll out of its fear.
Magic quickly surges around you.
It was a scroll of vulnerability.
Your skin stops crawling.
You feel less strong-willed.
The killer bee zombie hits you but does no damage. x2
The killer bee zombie hits you.
* * * LOW HITPOINT WARNING * * *
As you read the scroll labelled AGACLU INITU, it crumbles to dust.
The creatures around you are filled with an inner flame!
It was a scroll of immolation.
The killer bee zombie hits you but does no damage.
The killer bee zombie closely misses you.
The gnoll hits you but does no damage.
As you read the scroll labelled RELAIVV XUPAESS, it crumbles to dust.
The scroll dissolves into smoke.
It was a scroll of fog.
The killer bee zombie hits you but does no damage. x2
The gnoll hits you from afar with a +0 spear.
* * * LOW HITPOINT WARNING * * *
The killer bee zombie barely misses you.
The killer bee zombie closely misses you.
The killer bee zombie hits you.
You die...

#.#?... ...
..####....# #.#
#........######..#
. #..).g.....# .#
##.(.####.###
^.######...## #§#
...##......## #g#
............# #Z#
.........##.# #@#
.........# ..# #§#
.........# ⌠.# §§.
......>..# ..#
.... ........##
####.### ........#
#.# ...†....# #.#
...#.#### ..##.#


You could see a gnoll (inner flame, strong, weak-willed) and a killer bee zombie
(inner flame, weak-willed).

Vanquished Creatures
  Eustachio (D:4)
  An ogre (D:3)
  2 jellies (D:4)
  Ijyb (D:4)
  Natasha (thrice) (D:1)
  An orc wizard (D:3)
  A hound skeleton (D:4)
  3 adders
  A gnoll (D:4)
  An adder skeleton (D:4)
  2 worms
  4 dart slugs
  4 orcs (D:3)
  9 ball pythons
  6 endoplasms
  5 giant cockroaches
  7 goblins
  12 hobgoblins
  4 jackals (D:1)
  2 quokkas
  6 bats
  5 frilled lizards
  6 kobolds
  3 rats
90 creatures vanquished.

Notes
Turn   | Place    | Note
-------+----------+-------------------------------------------
     0 | D:1      | jejorda2 the Merfolk Berserker began the quest for the Orb.
     0 | D:1      | Reached XP level 1. HP: 18/18 MP: 1/1
   213 | D:1      | Reached XP level 2. HP: 24/24 MP: 2/2
   257 | D:1      | Reached skill level 5 in Polearms
   532 | D:1      | Reached XP level 3. HP: 29/29 MP: 3/3
   709 | D:1      | Reached ** piety under Trog
   881 | D:2      | Noticed Natasha
   895 | D:1      | Killed Natasha
   896 | D:1      | Reached XP level 4. HP: 36/37 MP: 4/4
   983 | D:1      | Noticed Natasha
   991 | D:1      | Killed Natasha
   992 | D:1      | Reached skill level 6 in Polearms
  1205 | D:1      | Noticed Natasha
  1214 | D:1      | Killed Natasha
  1372 | D:2      | Reached XP level 5. HP: 42/42 MP: 5/5
  1601 | D:2      | Found a faded altar of an unknown god.
  1784 | D:3      | Noticed an ogre
  1791 | D:3      | Killed an ogre
  1792 | D:3      | Reached skill level 7 in Polearms
  1792 | D:3      | Reached XP level 6. HP: 49/49 MP: 6/6
  1900 | D:3      | HP: 2/49 [something/puff of flame (6)]
  2283 | D:3      | Reached *** piety under Trog
  2760 | D:4      | Noticed Ijyb
  2777 | D:4      | Killed Ijyb
  2788 | D:4      | Reached skill level 8 in Polearms
  2979 | D:4      | Noticed Eustachio
  3019 | D:4      | Killed Eustachio
  3020 | D:4      | Reached skill level 5 in Fighting
  3020 | D:4      | Reached XP level 7. HP: 37/56 MP: 7/7
  3044 | D:4      | Slain by a killer bee zombie

Illustrated notes

Levels and vault maps discovered:
D:1:      dpeg_arrival_rooms_b, layout_basic
D:2:      layout_basic, hellmonk_ecumenical_altar_crossroads, uniq_natasha
D:3:      layout_rooms, grunt_decor_clamped
D:4:      layout_rooms, minmay_temple_entry_antechambers,
          minmay_large_rounded_square, hangedman_glass_teeth, uniq_ijyb,
          uniq_eustachio

Skill      XL: |  1  2  3  4  5  6 |
---------------+-------------------+-----
Polearms       | 5 6 7 8 |  8.9
Fighting       | 4 5 |  5.2
Armour         | 2 3 |  3.1
Dodging        | |  2.6

Action                   |  1- 3 |  4- 6 |  7- 9 || total
-------------------------+-------+-------+-------++-------
Melee: Spear             |    77 |   239 |     9 ||   325
Throw: Stone             |    30 |    11 |       ||    41
       Throwing net      |       |     1 |       ||     1
Invok: Berserk           |     2 |     6 |       ||     8
       Trog's Hand       |       |     1 |     1 ||     2
  Use: Potion            |       |     2 |       ||     2
       Scroll            |       |       |     5 ||     5
Armor: Scale mail        |    11 |    34 |       ||    45
       Chain mail        |       |    33 |    20 ||    53
Dodge: Dodged            |    33 |    66 |    18 ||   117

Table legend: (Time is in decaauts)
 A = Elapsed time spent in this place.
 B = Non-inter-level travel time spent in this place.
 C = Inter-level travel time spent in this place.
 D = Time resting spent in this place.
 E = Time spent auto-exploring this place.
 F = Levels seen in this place.
 G = Mean time per level.
                   A        B        C        D        E       F      G
               +--------+--------+--------+--------+--------+-----+--------+
         Total |   3032 |   2914 |    118 |    171 |   2158 |   4 |  758.0 |
       Dungeon |   3032 |   2914 |    118 |    171 |   2158 |   4 |  758.0 |
               +--------+--------+--------+--------+--------+-----+--------+

Top non-repeatable levels by time:
     D:1: 1313 daAuts
     D:3: 792 daAuts
     D:2: 744 daAuts
     D:4: 182 daAuts
